 Dungeon Crawl Stone Soup version 0.22.1-2-g9c5b331383 (webtiles) character file.

1114 Peloso the Slasher (level 8, 0/69 HPs)
             Began as a Minotaur Fighter on Dec 17, 2018.
             Slain by a troll (12 damage)
             ... on level 6 of the Dungeon.
             The game lasted 00:08:19 (4669 turns).

Peloso the Slasher (Minotaur Fighter)               Turns: 4669, Time: 00:08:19

Health: 0/69       AC:  6    Str: 24    XL:     8   Next: 12%
Magic:  7/7        EV: 10    Int:  5    God:
Gold:   239        SH: 11    Dex: 14    Spells: 7/7 levels left

rFire    + . .     SeeInvis .   a - +2 falchion (slice)
rCold    . . .     Gourm    .   c - +0 shield
rNeg     . . .     Faith    .   t - +0 ring mail "Guxes" {rF+ Str+2} (curse)
rPois    .         Spirit   .   (helmet restricted)
rElec    .         Reflect  .   (no cloak)
rCorr    .         Harm     .   (no gloves)
MR       .....                  (no boots)
Stlth    +.........             (no amulet)
HPRegen  0.21/turn              m - +3 ring of dexterity (curse)
MPRegen  0.10/turn              (no ring)

@: no status effects
A: retaliatory headbutt, horns 2
a: no special abilities


You were on level 6 of the Dungeon.
You were not hungry.

You visited 1 branch of the dungeon, and saw 6 of its levels.

You collected 239 gold pieces.

Inventory:

Hand Weapons
 a - a +2 falchion of slicing (weapon)
Armour
 b - a +0 scale mail
 c - a +0 shield (worn)
 t - the cursed +0 ring mail "Guxes" (worn) {rF+ Str+2}
   (You found it on level 4 of the Dungeon)

   It affects your strength (+2).
   It protects you from fire.
   It has a curse placed upon it.
Jewellery
 m - a cursed +3 ring of dexterity (left hand)
Wands
 n - a wand of polymorph (11)
 r - a wand of random effects (25)
Scrolls
 e - a scroll of noise {unknown}
 g - 2 scrolls of magic mapping {unknown}
 j - 3 scrolls of identify
 k - 2 scrolls of enchant weapon {unknown}
 l - 6 scrolls of teleportation {unknown}
 p - a scroll of random uselessness {unknown}
 s - 3 scrolls of remove curse {unknown}
 v - a scroll of fear {unknown}
 y - a scroll of blinking {unknown}
Potions
 d - 2 potions of might
 h - 3 potions of brilliance
 i - 2 potions of magic
 o - 2 potions of cancellation
 q - a potion of flight
 u - a potion of curing
 w - a potion of mutation
 x - a potion of resistance {unknown}
Comestibles
 f - 8 rations
 z - 2 chunks of flesh


   Skills:
 + Level 5.4 Fighting
 + Level 7.6 Long Blades
 + Level 5.8 Armour
 + Level 2.9 Dodging
 + Level 1.2 Stealth
 + Level 6.1 Shields


You had 7 spell levels left.
You didn't know any spells.
Your spell library was empty.

Dungeon Overview and Level Annotations

Branches:
Dungeon (6/15)
 Temple: D:4-7

Altars:
Sif Muna
Xom
Yredelemnul


Innate Abilities, Weirdness & Mutations

You reflexively headbutt those who attack you in melee.
You have a pair of horns on your head.


Message History

You barely miss the troll. Your headbutt misses the troll.
The troll is lightly wounded.
The troll barely misses you. You furiously retaliate!
You headbutt the troll, but do no damage.
You block the troll's attack. The troll barely misses you.
You hit the troll.
The troll is lightly wounded.
The troll closely misses you. You block the troll's attack.
The troll claws you.
You slash the troll! Your headbutt misses the troll.
The troll is heavily wounded.
The troll bites you! The troll claws you! x2
You closely miss the troll. Your headbutt misses the troll.
The troll is heavily wounded.
You block the troll's attack. The troll barely misses you. The troll claws you!
* * * LOW HITPOINT WARNING * * *
You slash the troll! You headbutt the troll.
The troll is severely wounded.
The troll bites you!
You die...

.. ..### ..!...
......
.)....#+######
............. #.
#.........# #.
.>....T@.)# #.
##.......[# #.
####.....# #.
#.....# #.
#.....######### #.
#.............#####.
#.............'.....
#.............######
#.............#.....


You could see a troll.

Vanquished Creatures
  Sigmund (D:5)
  A hungry ghost (D:5)
  Menkaure (D:6)
  An ice beast (D:5)
  A howler monkey (D:4)
  A crimson imp (D:5)
  2 orc priests
  A centaur skeleton (D:5)
  Jessica (D:2)
  Ijyb (D:4)
  2 iguanas
  An orc wizard (D:5)
  3 worker ants
  A hound skeleton (D:4)
  6 gnolls
  A howler monkey skeleton (D:5)
  9 adders
  2 oozes
  An adder skeleton (D:4)
  3 worms
  A leopard gecko (D:2)
  16 orcs
  5 giant cockroaches
  2 gnoll zombies (D:5)
  2 goblins
  6 hobgoblins
  3 jackals (D:5)
  2 kobolds
  4 quokkas
  5 bats
  2 frilled lizards
  A giant cockroach zombie (D:5)
  A quokka skeleton (D:5)
  2 rats
92 creatures vanquished.

Notes
Turn   | Place    | Note
-------+----------+-------------------------------------------
     0 | D:1      | Peloso the Minotaur Fighter began the quest for the Orb.
     0 | D:1      | Reached XP level 1. HP: 19/19 MP: 0/0
   686 | D:2      | Reached XP level 2. HP: 27/27 MP: 1/1
   820 | D:2      | Noticed Jessica
   824 | D:2      | Reached skill level 3 in Long Blades
   826 | D:2      | Killed Jessica
   826 | D:2      | Reached XP level 3. HP: 26/33 MP: 2/2
  1235 | D:3      | Reached XP level 4. HP: 26/40 MP: 3/3
  1701 | D:3      | Reached skill level 4 in Long Blades
  1932 | D:4      | Reached skill level 1 in Dodging
  1932 | D:4      | Reached XP level 5. HP: 36/46 MP: 4/4
  1955 | D:3      | Reached skill level 5 in Long Blades
  2263 | D:4      | Got a faintly glowing ring mail
  2274 | D:4      | Identified the cursed +0 ring mail "Guxes" {rF+ Str+2} (You
                  | found it on level 4 of the Dungeon)
  2540 | D:4      | Reached XP level 6. HP: 53/53 MP: 5/5
  2627 | D:4      | Noticed Ijyb
  2637 | D:4      | Killed Ijyb
  2734 | D:4      | Reached skill level 5 in Armour
  2973 | D:4      | Found a glowing golden altar of the Shining One.
  2975 | D:4      | Found a basalt altar of Yredelemnul.
  2975 | D:4      | Found an iron altar of Okawaru.
  2977 | D:4      | Found a shimmering altar of Xom.
  2977 | D:4      | Found a shimmering altar of Xom.
  2977 | D:4      | Found an iron altar of Okawaru.
  3110 | D:5      | Entered Level 5 of the Dungeon
  3212 | D:5      | Reached skill level 6 in Long Blades
  3260 | D:5      | Noticed Sigmund
  3598 | D:5      | Killed Sigmund
  3598 | D:5      | Reached skill level 5 in Shields
  3598 | D:5      | Reached XP level 7. HP: 50/60 MP: 6/6
  3699 | D:5      | Reached skill level 5 in Fighting
  3699 | D:5      | Reached skill level 1 in Stealth
  3906 | D:5      | Reached skill level 7 in Long Blades
  3945 | D:5      | Noticed a hungry ghost
  3965 | D:5      | Killed a hungry ghost
  4141 | D:5      | Found a deep blue altar of Sif Muna.
  4389 | D:5      | Found a basalt altar of Yredelemnul.
  4475 | D:6      | Noticed Menkaure
  4480 | D:6      | Killed Menkaure
  4480 | D:6      | Reached XP level 8. HP: 37/69 MP: 7/7
  4656 | D:6      | Noticed a troll
  4669 | D:6      | Slain by a troll

Skill      XL: |  1  2  3  4  5  6  7 |
---------------+----------------------+-----
Shields        | 4 5 6 |  6.1
Armour         | 4 5 |  5.8
Long Blades    | 3 4 5 6 7 |  7.6
Fighting       | 4 5 |  5.4
Dodging        | 1 2 |  2.9
Stealth        | 1 |  1.2

Action                   |  1- 3 |  4- 6 |  7- 9 || total
-------------------------+-------+-------+-------++-------
Melee: Long sword        |    52 |   133 |    82 ||   267
       Headbutt          |     8 |    39 |    18 ||    65
       Falchion          |       |       |     9 ||     9
  Use: Scroll            |       |     7 |       ||     7
  Eat: Ration            |       |     1 |       ||     1
       Chunk             |       |     5 |     6 ||    11
Armor: Scale mail        |    24 |    33 |       ||    57
       Ring mail         |       |    27 |    21 ||    48
Dodge: Dodged            |    14 |    54 |    29 ||    97
Block: Shield            |    33 |    69 |    47 ||   149
       Rpst.: Long sword |     5 |    13 |     6 ||    24
